 Dungeon Crawl Stone Soup version 0.29-a0-542-g075992c915 (webtiles) character file.

Game seed: 10176507489038045092

2 oldriver the Sneak (level 1, -3/19 HPs)
             Began as a Palentonga Delver on June 5, 2022.
             Slain by an orc
             ... wielding a +0 falchion
              (6 damage)
             ... on level 5 of the Dungeon.
             The game lasted 00:00:32 (49 turns).

oldriver the Sneak (Palentonga Delver)                Turns: 49, Time: 00:00:33

Health: -3/19      AC:  4    Str: 15    XL:     1   Next: 25%
Magic:  1/1        EV:  9    Int: 10    God:
Gold:   0          SH:  0    Dex: 11    Spells: 0/0 levels left

rFire   . . .      SeeInvis +   a - +0 hand axe
rCold   . . .      Faith    .   (no shield)
rNeg    . . .      Spirit   .   b - +0 leather armour
rPois   .          Reflect  .   (no helmet)
rElec   .          Harm     .   (no cloak)
rCorr   .          Rampage  .   (no gloves)
Will    .....                   (no barding)
Stlth   ++........              (no amulet)
HPRegen 0.06/turn               (no ring)
MPRegen 0.07/turn               (no ring)

@: no status effects
A: large, rugged brown scales 3, see invisible, deformed body, roll 1, armoured
tail
a: Rolling Charge


You were on level 5 of the Dungeon.
You visited 1 branch of the dungeon, and saw 1 of its levels.

Inventory:

Hand Weapons
 a - a +0 hand axe (weapon)
Armour
 b - a +0 leather armour (worn)
Scrolls
 c - a scroll of fog
 d - a scroll of magic mapping
Potions
 f - a potion of haste


   Skills:
 + Level 3.0 Fighting
 * Level 2.1 Axes
 - Level 1.5 Dodging
 - Level 3.3 Stealth


You couldn't memorise any spells.
You didn't know any spells.
Your spell library was empty.

Dungeon Overview and Level Annotations

Branches:
Dungeon (5/15)
 Temple: D:4-7

Altars:


Innate Abilities, Weirdness & Mutations

You are completely covered in rugged brown scales. (AC +3, +7% HP)
You have supernaturally acute eyesight. (SInv)
Armour fits poorly on your strangely shaped body.
You can roll at nearby foes to attack.
You have a long armoured tail.


Message History

A rock wall.
The rock shatters into small pieces.
The now-empty wand crumbles to dust.
The orc misses you.
Okay, then.
Okay, then.
The orc attacks as you move away! The orc barely misses you.
The orc attacks as you move away! The orc hits you with a +0 dagger.
The orc attacks as you move away! The orc hits you with a +0 dagger.
As you read the scroll of fear, it crumbles to dust.
You assume a fearsome visage.
The orc warrior looks frightened!
The orc looks frightened!
The orc priest looks frightened!
The orc looks frightened!
You catch the helpless orc completely off-guard!
You hit the orc.
Your attack snaps the orc out of its fear.
The orc is heavily wounded.
The orc hits you with a +0 dagger.
The orc shouts!
You hit the orc.
You kill the orc!
The orc warrior gives up.
You see here a +0 dagger.
You are too injured to fight recklessly!
Roll where?
Press: ? - help, Dir - move target, f - orc
Aim: an orc, wielding a +0 falchion and quivering boomerangs You roll forward with a clatter of scales!
You hit the orc.
You tail-slap the orc, but do no damage.
The orc is almost dead.
You hear a shout!
The orc barely misses you.
You closely miss the orc.
The orc is severely wounded.
The orc hits you with a +0 falchion.
* * * LOW HITPOINT WARNING * * *
You barely miss the orc.
The orc is severely wounded.
The orc hits you with a +0 falchion.
You die...

### #.# .# #.#
...# #°# ....#
#°# #...# #@#
#...## #o#
##....# #.#
......### ##.#
>.......## ##o##
....#.....####.##
#..## #.....!o##
#..# ###....##
#..# ###..#


You could see an orc warrior (fleeing) and an orc.

Vanquished Creatures
  An orc (D:5)
1 creature vanquished.

Notes
Turn   | Place    | Note
-------+----------+-------------------------------------------
     0 | D:5      | oldriver the Palentonga Delver began the quest for the Orb.
     0 | D:5      | Reached XP level 1. HP: 19/19 MP: 1/1
    11 | D:5      | Noticed an orc warrior
    16 | D:5      | Noticed an orc priest
    49 | D:5      | Slain by an orc

Illustrated notes

Levels and vault maps discovered:
D:5:      layout_layer_cave, mainiacjoe_overflow_small_starburst,
          grunt_temple_overflow_diamond, uniq_edmund

Action                   || total
-------------------------++-------
Melee: Hand axe          ||     5
       Tailslap          ||     1
 Abil: Rolling Charge    ||     1
Evoke: Wand              ||     3
  Use: Scroll            ||     1
 Stab: Fleeing           ||     1
Armor: Leather armour    ||     3
Dodge: Dodged            ||     3

Table legend: (Time is in decaauts)
 A = Elapsed time spent in this place.
 B = Non-inter-level travel time spent in this place.
 C = Inter-level travel time spent in this place.
 D = Time resting spent in this place.
 E = Time spent auto-exploring this place.
 F = Levels seen in this place.
 G = Mean time per level.
                   A        B        C        D        E       F      G
               +--------+--------+--------+--------+--------+-----+--------+
         Total |     49 |     49 |      0 |      0 |      0 |   1 |   49.0 |
       Dungeon |     49 |     49 |      0 |      0 |      0 |   1 |   49.0 |
               +--------+--------+--------+--------+--------+-----+--------+

Top non-repeatable levels by time:
     D:5: 49 daAuts
